 Dungeon Crawl Stone Soup version 0.16.1-4-g8e1b745 (console) character file.

74 gw the Ruffian (level 4, -8/33 HPs)
             Began as a Formicid Transmuter on Mar 27, 2015.
             Mangled by Crazy Yiuf
             ... wielding a +3 quarterstaff of chaos
              (9 damage)
             ... on level 2 of the Dungeon.
             The game lasted 00:02:50 (2548 turns).

gw the Ruffian (Formicid Transmuter)                Turns: 2548, Time: 00:02:50

Health: -8/33      AC:  3    Str: 15    XL:     4   Next: 54%
Magic:  9/9        EV: 12    Int: 13    God:
Gold:   55         SH:  0    Dex: 11    Spells: 3 memorised, 0 levels left

rFire  . . .     SeeInvis +       - Unarmed
rCold  . . .     Clarity  .     c - +0 robe
rNeg   . . .     SustAb   .     (no shield)
rPois  .         Gourm    .     (helmet unavailable)
rElec  .         Spirit   .     (no cloak)
rCorr  .         Warding  .     e - +0 pair of gloves
rMut   .         Stasis   +     (boots unavailable)
MR     .....                    (no amulet)
Stlth  +.........               (no ring)
                                (no ring)

@: appendage (expiring), not resistant to hostile enchantments, very unstealthy
A: permanent stasis, dig shafts and tunnels, four strong arms, antennae 3,
talons 3
a: Dig, Shaft Self, End Transformation


You were on level 2 of the Dungeon.
You were very hungry.
You had grown temporary talons.
You visited 1 branch of the dungeon, and saw 2 of its levels.

You collected 55 gold pieces.

Inventory:

Missiles
 b - 40 arrows
 g - 5 stones (quivered)
 n - 4 curare-tipped needles
Armour
 c - a +0 robe (worn)
 e - a +0 pair of gloves (worn)
Scrolls
 i - a scroll of teleportation {unknown}
Potions
 h - 2 potions of heal wounds {unknown}
Books
 d - a book of Changes

   Spells                             Type                      Level
   a - Beastly Appendage              Transmutation                1
   b - Sticks to Snakes               Transmutation                2
   c - Spider Form                    Transmutation/Poison         3
   d - Ice Form                       Ice/Transmutation            4
   e - Blade Hands                    Transmutation                5
Comestibles
 a - 2 bread rations
 f - a beef jerky
 k - a meat ration


   Skills:
 + Level 2.0 Fighting
 + Level 1.6 Armour
 - Level 1.7 Dodging
 + Level 3.4 Unarmed Combat
 * Level 2.7 Spellcasting
 + Level 2.9 Transmutations


You couldn't memorise any spells.
You knew the following spells:

 Your Spells              Type           Power        Failure   Level  Hunger
a - Beastly Appendage     Trmt           #.....       10%         1    #......
b - Spider Form           Trmt/Pois      #.........   38%         3    ###....
c - Ice Form              Ice/Trmt       #.......     96%         4    #####..


Dungeon Overview and Level Annotations

Branches:
Dungeon (2/15)

Altars:

Annotations:
D:2 Crazy Yiuf


Innate Abilities, Weirdness & Mutations

You are under a permanent stasis effect.
You can dig through walls and to a lower floor.
Your four strong arms can wield two-handed weapons with a shield.
You have a pair of large antennae on your head (SInv).
You have claws for feet.


Message History

Unknown command.
Unknown command.
Unknown command.
Unknown command.
ATTACKING (-1,0)
You barely miss Crazy Yiuf.
Crazy Yiuf is moderately wounded.
Crazy Yiuf says, "Defame!
East meccalolo head."
Crazy Yiuf hits you with a quarterstaff of chaos!
Ouch! That really hurt!
Unknown command.
Unknown command.
Unknown command.
Unknown command.
FLEEEEING!
ATTACKING (-1,0)
You completely miss Crazy Yiuf. Your kick misses Crazy Yiuf.
Crazy Yiuf is moderately wounded.
Crazy Yiuf hits you with a quarterstaff of chaos!
You die...

......# #.........#
......# #.........#
###.### ###########
#%## #..# ##.## ###
77#### ####..# #)(.#
77.#..## ......##
#.....7777......#####
.......#
7ga7.............
.....#.#
777.7..#..#########
.....#.#
77777##.#.......#
.....#.# #...#####.#
.....###
########.#.##.##.#
#.####
#........#.##....#
#.#
#........####.####
..# #........# #)####
..#
#...)....####....#


You could see Crazy Yiuf.

Table legend:
 A = Turns spent in this place as a percentage of turns spent in the entire game.
 B = Non-inter-level travel turns spent in this place as a percentage of non-inter-level travel turns spent in the entire game.
 C = Inter-level travel turns spent in this place as a percentage of turns spent in this place.
 D = Turns resting spent in this place as a percentage of non-inter-level travel turns spent in this place.
 E = Turns spent auto-exploring this place as a percentage of non-inter-level travel turns spent in this place.
 F = Non-inter-level travel turns spent in this place divided by the number of levels of this place that you've seen.
                   A       B       C       D       E      F
               +-------+-------+-------+-------+-------+----------------------
         Total | 100.0 | 100.0 |   0.4 |   3.0 |   2.3 | 1897.5
       Dungeon | 100.0 | 100.0 |   0.4 |   3.0 |   2.3 | 1897.5
               +-------+-------+-------+-------+-------+----------------------

Table legend:
 A = Kills in this place as a percentage of kills in entire the game.
 B = Kills by you in this place as a percentage of kills by you in the entire game.
 C = Kills by friends in this place as a percentage of kills by friends in the entire game.
 D = Other kills in this place as a percentage of other kills in the entire game.
 E = Experience gained in this place as a percentage of experience gained in the entire game.
 F = Experience gained in this place divided by the number of levels of this place that you have seen.
                   A       B       C       D       E      F
               +-------+-------+-------+-------+-------+----------------------
         Total | 100.0 | 100.0 |  -nan |  -nan | 100.0 |  53.5
       Dungeon | 100.0 | 100.0 |  -nan |  -nan | 100.0 |  53.5
               +-------+-------+-------+-------+-------+----------------------

Vanquished Creatures
  3 adders (D:2)
  A worm (D:2)
  A giant gecko (D:2)
  An ooze (D:2)
  8 bats
  5 hobgoblins
  4 kobolds (D:1)
  A ball python (D:1)
  2 giant cockroaches (D:1)
  5 goblins
  11 rats
42 creatures vanquished.

Vanquished Creatures (others)
  A kobold (D:1)
1 creature vanquished.

Grand Total: 43 creatures vanquished

Notes
Turn   | Place    | Note
--------------------------------------------------------------
     0 | D:1      | gw, the Formicid Transmuter, began the quest for the Orb.
     0 | D:1      | Reached XP level 1. HP: 15/15 MP: 3/3
   407 | D:1      | Reached XP level 2. HP: 18/21 MP: 3/5
  1080 | D:1      | Reached XP level 3. HP: 26/26 MP: 7/7
  1105 | D:1      | Learned a level 3 spell: Spider Form
  1274 | D:1      | Reached skill level 1 in Armour
  1989 | D:2      | Reached XP level 4. HP: 31/33 MP: 9/9
  2010 | D:2      | Learned a level 4 spell: Ice Form
  2532 | D:2      | Noticed Crazy Yiuf
  2547 | D:2      | HP: 1/33 [Crazy Yiuf/quarterstaff of chaos (17)]
  2548 | D:2      | Mangled by Crazy Yiuf

Action                   |  1- 3 |  4- 6 || total
-------------------------+-------+-------++-------
Melee: Unarmed           |   106 |    31 ||   137
Throw: Stone             |    77 |    18 ||    95
 Cast: Beastly Appendage |    34 |     8 ||    42
  Use: Scroll            |     6 |       ||     6
       Potion            |     1 |       ||     1
  Eat: Chunk             |     4 |     1 ||     5

Vault maps used:
D:1:      shiori_arrival_oz, nrook_loot_triangle, hangedman_abyss_or_decor_stabs
D:2:      uniq_crazy_yiuf_cottage
